 Dungeon Crawl Stone Soup version 0.29-a0-323-g050149af67 (webtiles) character file.

Game seed: 11515544018244854366

15047 quinnr the Stormcaller (level 12, -7/68 HPs)
             Began as a Tengu Air Elementalist on Apr 10, 2022.
             Was an Elder of Sif Muna.
             Engulfed by an ice statue's freezing vapour (14 damage)
             ... in an ice cave.
             The game lasted 00:33:45 (19817 turns).

quinnr the Stormcaller (Tengu Air Elementalist)    Turns: 19817, Time: 00:33:46

Health: -7/68      AC:  7    Str:  9    XL:     12   Next: 22%
Magic:  4/22       EV: 20    Int: 19    God:    Sif Muna [****..]
Gold:   1199       SH:  0    Dex: 16    Spells: 17/24 levels left

rFire   + . .      SeeInvis .   C - staff of air
rCold   . . .      Faith    +   (no shield)
rNeg    . . .      Spirit   .   w - +2 robe {Will+}
rPois   .          Reflect  .   (helmet restricted)
rElec   +          Harm     .   y - +2 cloak
rCorr   .          Rampage  .   (no gloves)
Will    ++...                   (boots unavailable)
Stlth   +++.......              B - amulet of faith
HPRegen 0.21/turn               h - ring of willpower
MPRegen 0.18/turn               z - ring of protection from fire

@: flying quickly and evasively, quick
A: beak, talons 3, nimble flight
a: Renounce Religion, Channel Magic, Forget Spell, Divine Exegesis


You were in an ice cave.
You worshipped Sif Muna.
Sif Muna was greatly pleased with you.
You visited 2 branches of the dungeon, and saw 12 of its levels.
You also visited: Ossuary, Bailey and Ice Cave.

You collected 1199 gold pieces.

Inventory:

Hand Weapons
 p - a +2 hunting sling of electrocution
Missiles
 I - 2 throwing nets
Armour
 a - a +0 robe
 w - a +2 robe of willpower (worn)
 y - a +2 cloak (worn)
 L - +0 steam dragon scales
Magical Staves
 v - a staff of conjuration
 C - a staff of air (weapon)
Jewellery
 h - a ring of willpower (left hand)
 z - a ring of protection from fire (right hand)
 A - an amulet of reflection
 B - an amulet of faith (around neck)
 D - an amulet of regeneration
 J - a ring of protection from fire
Wands
 s - a wand of flame (27)
 E - a wand of iceblast (16)
 M - a wand of charming (5)
 N - a wand of polymorph (1)
Scrolls
 e - 4 scrolls of vulnerability
 f - a scroll of brand weapon
 j - 5 scrolls of immolation {unknown}
 l - 2 scrolls of holy word
 o - 4 scrolls of blinking
 r - a scroll of summoning
 G - 2 scrolls of enchant weapon
Potions
 c - a potion of resistance
 d - 5 potions of curing
 i - 3 potions of haste
 k - 5 potions of heal wounds
 m - 4 potions of degeneration
 n - 2 potions of invisibility
 q - a potion of mutation
 t - 2 potions of flight
 u - 2 potions of ambrosia
 x - 2 potions of lignification
 F - 3 potions of might
 K - a potion of brilliance
Miscellaneous
 g - a piece from Xom's chessboard (15/15)


   Skills:
 + Level 5.0 Fighting
 + Level 8.6 Dodging
 - Level 5.0 Stealth
 + Level 6.6 Spellcasting
 - Level 4.0 Conjurations
 + Level 17.3 Air Magic
 - Level 5.0 Invocations
 - Level 4.0 Evocations


You had 17 spell levels left.
You knew the following spells:

 Your Spells              Type           Power      Damage    Failure   Level
a - Shock                 Conj/Air       100%       1d9       1%          1
b - Airstrike             Air            41%        N/A       1%          4
c - Static Discharge      Conj/Air       63%        N/A       1%          2

Your spell library contained the following spells:

 Spells                   Type           Power      Damage    Failure   Level
 Swiftness                Air            83%        N/A       1%          3
 Animate Skeleton         Necr           12%        N/A       11%         1
 Pain                     Necr           24%        1d5       11%         1
 Confusing Touch          Hex            6%         N/A       32%         3
 Gell's Gravitas          Tloc           6%         N/A       32%         3
 Lesser Beckoning         Tloc           6%         N/A       32%         3
 Summon Guardian Golem    Hex/Summ       6%         N/A       32%         3
 Teleport Other           Tloc           6%         N/A       32%         3
 Vampiric Draining        Necr           6%         2d6       32%         3
 Animate Dead             Necr           3%         N/A       71%         4
 Borgnjor's Vile Clutch   Necr/Erth      3%         N/A       96%         5
 Yara's Violent Unravell  Hex/Tmut       3%         3d4       96%         5
 Death Channel            Necr           3%         N/A       100%        6
 Enfeeble                 Hex            3%         N/A       100%        7
 Orb of Destruction       Conj           10%        9d6       100%        7
 Spellforged Servitor     Conj/Summ      6%         N/A       100%        7


Dungeon Overview and Level Annotations

Branches:
Dungeon (11/15)            Temple (1/1) D:7            Lair (0/6) D:10
    Orc (0/2) D:9         Ossuary (visited)          Bailey (visited)
  IceCv (1/1)

Altars:
Ashenzari
Cheibriados
Dithmenos
Elyvilon
Fedhas
Gozag
Hepliaklqana
Kikubaaqudgha
Makhleb
Nemelex Xobeh
Okawaru
Qazlal
Ru
Sif Muna
Trog
Uskayaw
Vehumet
Wu Jian
Xom
Yredelemnul
Zin
The Shining One

Shops:
D:1 (   D:4 (   D:7 (   D:8 [

Annotations:
D:9 2 transporters, exclusions: ice statue and oklob plant, enile's ghost, novice OpWn IceCv exclusion: 2 ice statues


Innate Abilities, Weirdness & Mutations

You have a beak for a mouth.
You have claws for feet.
Your magical nature lets you fly swiftly and evasively.


Message History

Aiming: Airstrike (safe; 1% risk of failure)
Press: ? - help, Dir - move target, f/p - ice statue
Aim: an ice statue (moderately damaged, empty space bonus: 1/8)
You feel a surge of power!
The air twists around and strikes the ice statue.
The ice statue is heavily damaged.
The ice beast misses you. x2
Casting: Airstrike (safe; 1% risk of failure)
Confirm with . or Enter, or press ? or * to list all spells.
Aiming: Airstrike (safe; 1% risk of failure)
Press: ? - help, Dir - move target, f/p - ice statue
Aim: an ice statue (heavily damaged, empty space bonus: 1/8)
You feel a surge of power!
The air twists around and strikes the ice statue!
The ice statue is heavily damaged.
The ice statue gestures at you. The freezing blast misses you.
The ice beast barely misses you.
Casting: Airstrike (safe; 1% risk of failure)
Confirm with . or Enter, or press ? or * to list all spells.
You feel a surge of power!
The ice beast is struck by an arc of lightning!
The ice beast is moderately wounded.
The lightning grounds out.
The ice beast is struck by an arc of lightning!
The ice beast is moderately wounded.
The ice beast is struck by an arc of lightning!
The ice beast is heavily wounded.
You resist.
You are struck by an arc of lightning.
The ice beast is struck by an arc of lightning.
The ice beast is severely wounded.
The lightning grounds out.
You are engulfed in freezing vapours.
The ice statue gestures at you. The shard of ice hits you!!
The ice beast hits you.
* * * LOW HITPOINT WARNING * * *
The ice beast freezes you!
* * * LOW HITPOINT WARNING * * *
The ice beast misses you.
Unknown command.
You are engulfed in freezing vapours.
You die...

#### ##.#.#### ####
##....○☼8# #### ##..##
#....○Y○####..#####....##
#....○YY@##....##.......#
#...........#.......∩.∩.#
##.........###..........#
#.......### ##..##....##
#......## ######..##
#......8 #### ##.....#
##....# ##..#


You could see 3 ice beasts.

Vanquished Creatures
  Harold (D:9)
  Erolcha (D:9)
  2 two-headed ogres
  A cyclops (D:11)
  Joseph (D:8)
  A gargoyle (D:8)
  A guardian serpent (D:10)
  An ice devil (IceCv)
  A troll (D:10)
  Grinder (D:4)
  A hornet (D:10)
  Prince Ribbit (D:7)
  A spriggan (Bailey)
  A shadow (D:10)
  22 yaks
  3 wyverns
  4 steam dragons
  2 vampire mosquitoes (D:11)
  An acid dragon (D:10)
  A water moccasin (D:8)
  An ice beast (D:7)
  2 black bears (D:6)
  7 orc warriors
  2 ogres
  7 centaurs
  2 wolves (D:10)
  4 kobold brigands
  3 bullfrogs
  A gnoll sergeant (D:5)
  A cane toad simulacrum (IceCv)
  2 necrophages (D:5)
  A two-headed ogre simulacrum (D:11)
  9 wights
  4 killer bees (D:9)
  8 electric eels
  2 howler monkeys
  3 human zombies (Ossuary)
  2 centaur zombies (Ossuary)
  9 hounds
  Crazy Yiuf (D:5)
  A jelly (D:2)
  2 orc priests
  5 iguanas
  5 orc wizards
  5 troll simulacra
  Natasha (twice) (D:4)
  A spriggan simulacrum (IceCv)
  2 mummies (Ossuary)
  12 adders
  6 gnolls
  3 naga simulacra
  2 shadow imps (D:5)
  A white imp (D:8)
  2 ufetubi (D:5)
  3 adder zombies (Ossuary)
  39 orcs
  7 ball pythons
  9 endoplasms
  2 giant cockroaches
  10 goblins
  8 hobgoblins
  30 kobolds
  7 quokkas
  10 bats
  2 frilled lizards
  2 goblin zombies
  11 hobgoblin zombies
  11 kobold zombies (Ossuary)
  6 orc zombies (Ossuary)
  5 rats
  A rat zombie (Ossuary)
331 creatures vanquished.

Vanquished Creatures (collateral kills)
  A spriggan (Bailey)
  4 ogres (Bailey)
5 creatures vanquished.

Vanquished Creatures (others)
  14 plants (D:3)
14 creatures vanquished.

Grand Total: 350 creatures vanquished

Notes
Turn   | Place    | Note
-------+----------+-------------------------------------------
     0 | D:1      | quinnr the Tengu Air Elementalist began the quest for the
                  | Orb.
     0 | D:1      | Reached XP level 1. HP: 10/10 MP: 4/4
   401 | D:1      | Found a faded altar of an unknown god.
   449 | D:1      | Found Veunaut's Weapon Emporium.
   662 | D:1      | Reached XP level 2. HP: 15/15 MP: 3/6
  1017 | D:1      | Reached skill level 5 in Air Magic
  1352 | D:2      | Reached skill level 6 in Air Magic
  1352 | D:2      | Reached XP level 3. HP: 19/19 MP: 3/7
  1730 | D:2      | Reached XP level 4. HP: 24/24 MP: 4/8
  2138 | D:2      | Reached skill level 7 in Air Magic
  2601 | D:3      | Found an iron altar of Okawaru.
  2825 | D:3      | Gained mutation: Your magical nature lets you fly swiftly
                  | and evasively. [Tengu growth]
  2825 | D:3      | Reached XP level 5. HP: 28/28 MP: 7/9
  3686 | D:4      | Reached skill level 8 in Air Magic
  3766 | D:3      | Learned a level 4 spell: Airstrike
  3769 | D:3      | Learned a level 2 spell: Static Discharge
  3852 | D:4      | You are sucked into a shaft and drop 3 floors!
  3863 | D:7      | Found a flagged portal.
  3902 | Bailey   | Entered a bailey
  3908 | Bailey   | Noticed an ogre
  3921 | Bailey   | Killed an ogre
  3922 | Bailey   | Reached XP level 6. HP: 32/32 MP: 8/11
  3935 | Bailey   | Noticed a spriggan
  3944 | Bailey   | Killed a spriggan
  3945 | Bailey   | Reached skill level 1 in Fighting
  3945 | Bailey   | Reached XP level 7. HP: 11/38 MP: 3/14
  4160 | Bailey   | Noticed a steam dragon
  4177 | Bailey   | Killed a steam dragon
  4178 | Bailey   | Reached skill level 9 in Air Magic
  4306 | Bailey   | Noticed a spriggan
  4313 | Bailey   | Killed a spriggan
  4314 | Bailey   | Reached skill level 10 in Air Magic
  4314 | Bailey   | Reached XP level 8. HP: 29/44 MP: 4/15
  4499 | Bailey   | Noticed a two-headed ogre
  4504 | Bailey   | Killed a two-headed ogre
  4505 | Bailey   | Reached skill level 12 in Air Magic
  4780 | D:7      | Noticed Prince Ribbit
  4795 | D:7      | Reached skill level 5 in Dodging
  4795 | D:7      | Reached XP level 9. HP: 34/48 MP: 7/16
  4898 | D:5      | Entered Level 5 of the Dungeon
  5643 | D:4      | Noticed Natasha
  5645 | D:4      | Killed Natasha
  5828 | D:4      | Found Polaekhi's Antique Weapon Boutique.
  5846 | D:4      | Noticed Grinder
  5853 | D:4      | Killed Grinder
  5854 | D:4      | Reached skill level 5 in Stealth
  6225 | D:4      | Noticed Natasha
  6231 | D:4      | Killed Natasha
  7030 | D:5      | Found a blossoming altar of Fedhas.
  7031 | D:5      | Found a bloodstained altar of Trog.
  7121 | D:5      | Found a runed translucent door.
  7122 | D:5      | Noticed Crazy Yiuf
  7570 | D:5      | Found an ornate altar of the Wu Jian Council.
  7573 | D:5      | Found a hide-covered altar of Uskayaw.
  7576 | D:5      | Found an opulent altar of Gozag.
  7579 | D:5      | Found a basalt altar of Yredelemnul.
  7875 | D:5      | Killed Crazy Yiuf
  8411 | D:6      | Reached skill level 5 in Spellcasting
  8489 | D:6      | Reached XP level 10. HP: 56/56 MP: 2/18
  9081 | D:7      | Found a sparkling altar of Nemelex Xobeh.
  9251 | D:7      | Found Qoerol's Antique Weapon Emporium.
  9524 | D:7      | Found a staircase to the Ecumenical Temple.
  9558 | Temple   | Entered the Ecumenical Temple
  9757 | Temple   | Became a worshipper of Sif Muna the Loreminder
  9886 | D:7      | Killed Prince Ribbit
  9887 | D:7      | Reached skill level 1 in Evocations
  9987 | D:8      | Identified 2 scrolls of acquirement
  9987 | D:8      | Acquired a staff of air
  9991 | D:8      | Acquired 567 gold pieces
 10201 | D:8      | Noticed a gargoyle
 10205 | D:8      | Killed a gargoyle
 10323 | D:8      | Found a sand-covered staircase.
 10332 | Ossuary  | Entered an ossuary
 10784 | Ossuary  | Reached * piety under Sif Muna
 11189 | Ossuary  | Reached skill level 13 in Air Magic
 11807 | D:8      | Reached ** piety under Sif Muna
 12084 | D:8      | Noticed Joseph
 12089 | D:8      | Killed Joseph
 12792 | D:8      | Reached skill level 14 in Air Magic
 12954 | D:8      | Found Rostam's Dragon-Slaying Spoils.
 12961 | D:8      | quinnr: ??dragon scales
 12961 | D:8      | beem: dragon scales[1/3]: Body armour sometimes dropped by
                  | {dragon} monsters. Types in order of ascending {encumbrance
                  | rating}: {steam dragon scales}, {acid dragon scales},
                  | {quicksilver dragon scales}, {swamp dragon scales}, {fire
                  | dragon scales}, {ice dragon scales}, {pearl dragon scales},
                  | {storm dragon scales}, {shadow dragon scales}, {gold dragon
                  | scales}
 12961 | D:8      | quinnr: ??pearl dragon scales
 12961 | D:8      | beem: pearl dragon scales[1/1]: 10AC, 11ER, rN+. Sometimes
                  | dropped by a {pearl dragon} when it dies.
 13269 | D:9      | Reached XP level 11. HP: 60/61 MP: 2/21
 13452 | D:9      | Found a transporter.
 13457 | D:9      | Noticed Harold
 13464 | D:9      | Killed Harold
 13465 | D:9      | Reached skill level 15 in Air Magic
 13834 | D:9      | Reached skill level 1 in Invocations
 14390 | D:9      | Reached skill level 16 in Air Magic
 14530 | D:9      | Noticed an oklob plant
 14532 | D:9      | Found a transporter.
 14536 | D:9      | Noticed enile's ghost (novice OpWn)
 14550 | D:9      | Noticed a wizard
 14749 | D:9      | Found a radiant altar of Vehumet.
 14848 | D:9      | Reached *** piety under Sif Muna
 15127 | D:9      | Found a hazy altar of Hepliaklqana.
 15486 | D:9      | Noticed Erolcha
 15490 | D:9      | Killed Erolcha
 16017 | D:9      | Found a staircase to the Orcish Mines.
 16067 | D:10     | Entered Level 10 of the Dungeon
 16328 | D:10     | Reached skill level 5 in Invocations
 16728 | D:10     | Noticed a boulder beetle
 17151 | D:10     | Found a sacrificial altar of Ru.
 17165 | D:10     | Noticed a two-headed ogre
 17184 | D:10     | Killed a two-headed ogre
 17185 | D:10     | Reached skill level 17 in Air Magic
 17379 | D:10     | Reached XP level 12. HP: 66/66 MP: 17/22
 17430 | D:10     | Reached **** piety under Sif Muna
 17638 | D:10     | Found a staircase to the Lair.
 18345 | D:11     | Noticed a boulder beetle
 18373 | D:11     | Found a frozen archway.
 18439 | IceCv    | Entered an ice cave
 18834 | IceCv    | Reached skill level 5 in Fighting
 19817 | IceCv    | Engulfed by an ice statue's freezing vapour

Illustrated notes

Levels and vault maps discovered:
D:1:      amcnicky_arrival_gap_in_the_tavern_cellar, layout_basic,
          chequers_ecumenical_altar_simple_redux, serial_shops, shop,
          wad_floor_pattern_2
D:2:      layout_basic
D:3:      wad_woods_tower, layout_loops_ring, okawaru_trees_2,
          chequers_serial_rivers_room_b
D:4:      cheibrodos_thug_alley, layout_loops_ring, serial_shops,
          nicolae_shop_temple_entry_statues_fountains, uniq_natasha,
          uniq_grinder
D:5:      layout_cave_pools, grunt_temple_overflow_cloverleaf,
          nicolae_overflow_squiral, uniq_crazy_yiuf_cottage
D:6:      layout_gridville
D:7:      layout_rooms, nemelex_diamond_rough_becter, temple_fountains,
          serial_shops, nicolae_inconvenience_store, enter_bailey_4,
          uniq_prince_ribbit1
D:8:      layout_gridville, enter_ossuary_3, nicolae_shop_dragon_depot,
          uniq_joseph
D:9:      layout_irregular_city, mainiacjoe_overflow_catwalk,
          mainiacjoe_overflow_surrounded_room, david_orc_4, nzn_ghost_randoct,
          uniq_harold, uniq_erolcha
D:10:     layout_long_grid, nicolae_ru_awakened_eye, erik_lair_island,
          minmay_misc_feat_secret_circle
D:11:     nrook_guardian_serpent_snake_passage, layout_basic, serial_shops,
          nicolae_shop_trees, portal_ice_cave_entry_ice_simulacra,
          gammafunk_ghost_split, uniq_fannar
Temple:   minmay_temple_curvy_loop
IceCv:    ice_cave_small_demon

Skill      XL: |  1  2  3  4  5  6  7  8  9 10 11 12 |
---------------+-------------------------------------+-----
Air Magic      | 6 7 8 10 12 14 17 | 17.3
Spellcasting   | 3 4 5 6 |  6.6
Fighting       | 1 2 4 5 |  5.0
Dodging        | 4 5 8 |  8.6
Stealth        | 3 5 |  5.0
Conjurations   | 4 |  4.0
Evocations     | 4 |  4.0
Invocations    | 5 |  5.0

Action                   |  1- 3 |  4- 6 |  7- 9 | 10-12 || total
-------------------------+-------+-------+-------+-------++-------
Melee: Unarmed           |     6 |     1 |     1 |       ||     8
       Peck              |       |     1 |       |     6 ||     7
       Kick              |       |     1 |       |    10 ||    11
       Staff             |       |       |       |    25 ||    25
 Cast: Shock             |    39 |    82 |   168 |   348 ||   637
       Static Discharge  |       |     2 |     8 |    63 ||    73
       Airstrike         |       |     2 |    39 |   146 ||   187
Evoke: Wand              |       |       |       |     2 ||     2
  Use: Scroll            |       |     8 |     5 |    16 ||    29
       Potion            |       |       |     1 |     2 ||     3
Armor: Robe              |    16 |       |     1 |    26 ||    43
Dodge: Dodged            |    34 |    15 |    28 |   195 ||   272
Block: Other             |       |       |     2 |     2 ||     4

Table legend: (Time is in decaauts)
 A = Elapsed time spent in this place.
 B = Non-inter-level travel time spent in this place.
 C = Inter-level travel time spent in this place.
 D = Time resting spent in this place.
 E = Time spent auto-exploring this place.
 F = Levels seen in this place.
 G = Mean time per level.
                   A        B        C        D        E       F      G
               +--------+--------+--------+--------+--------+-----+--------+
         Total |  19242 |  18797 |    445 |   4914 |  11366 |  15 | 1282.8 |
       Dungeon |  15868 |  15444 |    424 |   3380 |  10073 |  11 | 1442.5 |
        Temple |    211 |    191 |     20 |      0 |    166 |   1 |  211.0 |
       Ossuary |   1083 |   1083 |      0 |    360 |    503 |   1 | 1083.0 |
        Bailey |    711 |    711 |      0 |    280 |    314 |   1 |  711.0 |
      Ice Cave |   1368 |   1368 |      0 |    893 |    309 |   1 | 1368.0 |
               +--------+--------+--------+--------+--------+-----+--------+

Top non-repeatable levels by time:
     D:8: 2917 daAuts
     D:9: 2445 daAuts
    D:10: 1566 daAuts
     D:4: 1429 daAuts
     D:6: 1401 daAuts
   IceCv: 1368 daAuts
     D:5: 1350 daAuts
     D:1: 1266 daAuts
     D:2: 1200 daAuts
     D:3: 1139 daAuts
 Ossuary: 1083 daAuts
     D:7: 996 daAuts
  Bailey: 711 daAuts
  Temple: 211 daAuts
    D:11: 155 daAuts
